details: 'noobsowned'

« prev index next »

General information

Mini Map

Players

team 1
Orcbluefagget (teal | 28 APM | 20 actions | 00:43)

» actions
Build / train4
Enter build submenu2
Right click8
Select / deselect5
Use ability1
20 total
» units
Peon4
4 total
» buildings
War Mill1
1 total
» build order
00:22 War Mill
OrcGayStyle (blue | 64 APM | 46 actions | 00:43)

» actions
Assign group hotkey15
Build / train4
Enter build submenu3
Right click13
Select / deselect8
Use ability3
46 total
» units
Peon4
4 total
» buildings
Altar of Storms2
Orc Burrow1
3 total
» build order
00:08 Altar of Storms
00:10 Altar of Storms
00:34 Orc Burrow
HumanKnown2Own (purple | 54 APM | 39 actions | 00:43)

» actions
Build / train3
Enter build submenu4
Right click16
Select / deselect11
Use ability5
39 total
» units
Peasant3
3 total
» buildings
Lumber Mill2
Altar of Kings1
Farm1
4 total
» build order
00:09 Lumber Mill
00:15 Altar of Kings
00:18 Lumber Mill
00:24 Farm
team 2
HumanKimMiJeong (orange | 4 APM | 3 actions | 00:43)

» actions
Right click1
Select / deselect1
Use ability1
3 total
Humanserina (pink | 51 APM | 37 actions | 00:43)

» actions
Build / train3
Enter build submenu2
Right click22
Select / deselect8
Use ability2
37 total
» units
Peasant3
3 total
» buildings
Altar of Kings1
Barracks1
2 total
» build order
00:12 Altar of Kings
00:15 Barracks
Random» xlajsxio (yellow | 15 APM | 6 actions | 00:23)

» actions
Right click4
Select / deselect2
6 total